 Dungeon Crawl Stone Soup version 0.16.1-2-g95b8d4c (console) character file.

479 gw the Magician (level 6, -4/35 HPs)
             Began as a Deep Elf Necromancer on Mar 25, 2015.
             Slain by a river rat (7 damage)
             ... summoned by Eustachio
             ... on level 4 of the Dungeon.
             The game lasted 00:05:28 (6626 turns).

gw the Magician (Deep Elf Necromancer)              Turns: 6626, Time: 00:05:28

Health: -4/35      AC:  6    Str:  3    XL:     6   Next: 86%
Magic:  27/31      EV: 11    Int: 17    God:
Gold:   209        SH:  0    Dex: 15    Spells: 6 memorised, 1 level left

rFire  . . .     SeeInvis .     a - +3 short sword (vamp)
rCold  . . .     Clarity  .     d - +2 leather armour of Baumugax {rPois MP+9 Str-2 Int-5 Stlth+}
rNeg   . . .     SustAb   .     (no shield)
rPois  +         Gourm    .     g - +0 helmet
rElec  .         Spirit   .     (no cloak)
rCorr  .         Warding  .     (no gloves)
rMut   .         Stasis   .     (no boots)
MR     .....                    (no amulet)
Stlth  +++.......               (no ring)
                                (no ring)

@: not resistant to hostile enchantments, fairly stealthy
A: no striking features
a: no special abilities


You were on level 4 of the Dungeon.
You were hungry.

You visited 1 branch of the dungeon, and saw 4 of its levels.

You collected 209 gold pieces.

Inventory:

Hand weapons
 a - a +3 vampiric short sword (weapon)
Missiles
 j - 76 arrows
Armour
 d - the +2 leather armour of Baumugax (worn) {rPois MP+9 Str-2 Int-5 Stlth+}
   (You found it on level 4 of the Dungeon)

   It affects your strength (-2).
   It affects your intelligence (-5).
   It protects you from poison.
   It affects your magic capacity (+9).
   It makes you more stealthy.
 g - a +0 helmet (worn)
Magical devices
 h - a wand of fireball (2)
Scrolls
 i - 2 scrolls of identify
Potions
 f - a potion of cancellation
 p - a potion of restore abilities {unknown}
Books
 b - a book of Necromancy

   Spells                             Type                      Level
   a - Pain                           Necromancy                   1
   b - Animate Skeleton               Necromancy                   1
   c - Vampiric Draining              Necromancy                   3
   d - Regeneration                   Charms/Necromancy            3
   e - Animate Dead                   Necromancy                   4
   f - Control Undead                 Necromancy                   4
 n - a book of Maledictions

   Spells                             Type                      Level
   a - Corona                         Hexes                        1
   b - Sure Blade                     Hexes/Charms                 2
   c - Ensorcelled Hibernation        Hexes/Ice                    2
   d - Confuse                        Hexes                        3
   e - Dazzling Spray                 Conjuration/Hexes            3
   f - Enslavement                    Hexes                        4
Comestibles
 c - a chunk of flesh
 m - 3 meat rations
 o - 3 bread rations


   Skills:
 + Level 2.2 Fighting
 + Level 2.8 Armour
 - Level 2.4 Dodging
 - Level 2.4 Stealth
 + Level 6.2 Spellcasting
 + Level 6.2 Necromancy


You had one spell level left.
You knew the following spells:

 Your Spells              Type           Power        Failure   Level  Hunger
a - Pain                  Necr           ####         1%          1    None
b - Animate Skeleton      Necr           N/A          1%          1    None
c - Vampiric Draining     Necr           ####......   8%          3    ##.....
d - Regeneration          Chrm/Necr      ###.......   21%         3    ##.....
e - Animate Dead          Necr           N/A          21%         4    ####...
f - Control Undead        Necr           ####......   21%         4    ####...


Dungeon Overview and Level Annotations

Branches:
Dungeon (4/15)
 Temple: D:4-7

Altars:

Annotations:
D:4 Eustachio


Message History

Draining that being is not a good idea.
ATTACK MOVE TO (1,-1)
You completely miss the ufetubus. The ufetubus closely misses you.
The ufetubus barely misses you. The river rat closely misses you.
Unknown command.
Unknown command.
Unknown command.
Unknown command.
Casting: Vampiric Draining
Confirm with . or Enter, or press ? or * to list all spells.
Aiming: Vampiric Draining
Press: ? - help, Shift-Dir - straight line, f/p - ufetubus
Aim: an ufetubus (summoned) Draining that being is not a good idea.
ATTACK MOVE TO (1,-1)
You hit the ufetubus.
The ufetubus is almost dead.
The ufetubus disappears in a puff of smoke!
The river rat bites you!
You die...

.##.# #.#.# .##.# # ### ....# #.
#.. #<### #. #.# . #.# #.##.##
#.# #.# #.# #.....###.# #.# ..#
#..%¤.....# #.# #.# #.er@..#.#
#.# #.# ##¤...##.# #.# #.#
##...##.# #.# <.#
#############..###.#####.####
#####..........##.#.#............
# #.....######.##..........).####
###.....######.######...##.......
.............#.# ##.##########
###.....####.#.#######.#


You could see Eustachio and a river rat.

Table legend:
 A = Turns spent in this place as a percentage of turns spent in the entire game.
 B = Non-inter-level travel turns spent in this place as a percentage of non-inter-level travel turns spent in the entire game.
 C = Inter-level travel turns spent in this place as a percentage of turns spent in this place.
 D = Turns resting spent in this place as a percentage of non-inter-level travel turns spent in this place.
 E = Turns spent auto-exploring this place as a percentage of non-inter-level travel turns spent in this place.
 F = Non-inter-level travel turns spent in this place divided by the number of levels of this place that you've seen.
                   A       B       C       D       E      F
               +-------+-------+-------+-------+-------+----------------------
         Total | 100.0 | 100.0 |   0.7 |   5.6 |   2.4 | 1637.0
       Dungeon | 100.0 | 100.0 |   0.7 |   5.6 |   2.4 | 1637.0
               +-------+-------+-------+-------+-------+----------------------

Table legend:
 A = Kills in this place as a percentage of kills in entire the game.
 B = Kills by you in this place as a percentage of kills by you in the entire game.
 C = Kills by friends in this place as a percentage of kills by friends in the entire game.
 D = Other kills in this place as a percentage of other kills in the entire game.
 E = Experience gained in this place as a percentage of experience gained in the entire game.
 F = Experience gained in this place divided by the number of levels of this place that you have seen.
                   A       B       C       D       E      F
               +-------+-------+-------+-------+-------+----------------------
         Total | 100.0 | 100.0 | 100.0 |  -nan | 100.0 | 171.2
       Dungeon | 100.0 | 100.0 | 100.0 |  -nan | 100.0 | 171.2
               +-------+-------+-------+-------+-------+----------------------

Vanquished Creatures
  An ogre (D:4)
  A hound (D:4)
  2 orc wizards (D:4)
  6 worker ants (D:4)
  An iron imp (D:4)
  Robin (D:2)
  6 adders
  A giant mite (D:3)
  A worm (D:2)
  A white imp (D:4)
  2 giant geckos
  3 oozes
  5 orcs
  6 giant cockroaches
  19 goblins
  14 hobgoblins
  A jackal (D:4)
  14 kobolds
  2 quokkas (D:3)
  2 ball pythons (D:3)
  6 bats
  3 giant newts
  6 rats
104 creatures vanquished.

Vanquished Creatures (collateral kills)
  A jelly (D:4)
  An adder (D:4)
  A goblin (D:1)
3 creatures vanquished.

Vanquished Creatures (others)
  A worker ant zombie (D:4)
  2 bat skeletons
  A giant gecko skeleton (D:1)
  2 goblin skeletons
  A hobgoblin zombie (D:4)
  An orc zombie (D:4)
  A rat skeleton (D:1)
  A rat zombie (D:4)
10 creatures vanquished.

Grand Total: 117 creatures vanquished

Notes
Turn   | Place    | Note
--------------------------------------------------------------
     0 | D:1      | gw, the Deep Elf Necromancer, began the quest for the Orb.
     0 | D:1      | Reached XP level 1. HP: 10/10 MP: 5/5
     2 | D:1      | Learned a level 1 spell: Animate Skeleton
   264 | D:1      | Reached XP level 2. HP: 1/16 MP: 3/8
   467 | D:1      | Reached skill level 1 in Armour
  1351 | D:1      | Reached XP level 3. HP: 18/20 MP: 8/11
  1404 | D:1      | Learned a level 3 spell: Vampiric Draining
  1408 | D:1      | Learned a level 3 spell: Regeneration
  1670 | D:1      | Reached skill level 5 in Necromancy
  1752 | D:1      | Reached skill level 1 in Fighting
  2672 | D:2      | Reached XP level 4. HP: 17/25 MP: 6/14
  2751 | D:2      | Noticed Robin
  2756 | D:2      | Killed Robin
  3631 | D:3      | Learned a level 4 spell: Animate Dead
  4626 | D:3      | Reached XP level 5. HP: 27/29 MP: 15/18
  4726 | D:4      | Reached skill level 5 in Spellcasting
  5397 | D:4      | Reached XP level 6. HP: 24/35 MP: 13/21
  5532 | D:4      | Learned a level 4 spell: Control Undead
  5550 | D:4      | Got a slimy leather armour
  5561 | D:4      | Identified the +2 leather armour of Baumugax {rPois MP+9 Str-2 Int-5 Stlth+} (You found it on level 4 of the Dungeon)
  5911 | D:4      | Noticed Eustachio
  6164 | D:4      | Reached skill level 6 in Spellcasting
  6626 | D:4      | Slain by a river rat

Action                   |  1- 3 |  4- 6 || total
-------------------------+-------+-------++-------
Melee: Short sword       |       |    20 ||    20
 Cast: Pain              |    73 |   168 ||   241
       Animate Skeleton  |    12 |     5 ||    17
       Animate Dead      |       |     8 ||     8
       Vampiric Draining |       |     3 ||     3
  Use: Scroll            |     4 |     3 ||     7
       Potion            |     3 |     8 ||    11
  Eat: Chunk             |     2 |    10 ||    12
       Meat ration       |     1 |       ||     1
       Bread ration      |     1 |       ||     1
       Pizza             |       |     1 ||     1

Vault maps used:
D:1:      onia_arrival_mini_maze_b, lexackson_kobold_supper
D:2:      kennysheep_generic_room_13, uniq_robin
D:3:      first_bread
D:4:      uniq_eustachio
